cohdb
Replays
Latest Replays
All Replays
Popular Replays
Top Player Replays
Match Explorer
How It Works
Community
CoH3 Stats
Reddit
Sign in to upload your games and track your stats! →
Sign in with Steam
Match 42418944
Unlisted
Match 42418944
Overview
Messages
Build Orders
End
Construct Infanterie Kompanie
Kettenkrad Recon Vehicle
Selects Breakthrough Battlegroup
Selects Assault Grenadiers
Grenadier Squad
Grenadier Squad
MG 42 Machine Gun Team
GrW 34 Mortar Team
Construct Panzergrenadier Kompanie
251 Medium Carrier
Support Elements
Nebelwerfer 42 Rocket Launcher Team
Mustache and Melons
Chompy
Schakal
LuckySeven
erikvandenwijngaard
WARlordS
0
0
Comments
sign in to comment!
No comments posted yet!